 Dungeon Crawl Stone Soup version 0.28.0-47-ge53b351184 (webtiles) character file.

Game seed: 10341664585880566141

30 GigaChad the Slasher (level 3, 0/33 HPs)
             Began as a Minotaur Berserker on May 6, 2022.
             Was a Follower of Trog.
             Slain by Jessica
             ... wielding a +0 spectral club
              (5 damage)
             ... on level 2 of the Dungeon.
             The game lasted 00:08:59 (2598 turns).

GigaChad the Slasher (Minotaur Berserker)           Turns: 2598, Time: 00:09:00

Health: 0/33       AC:  2    Str: 21    XL:     3   Next: 5%
Magic:  2/2        EV: 12    Int:  4    God:    Trog [*.....]
Gold:   54         SH:  0    Dex: 11    Spells: 2/2 levels left

rFire   . . .      SeeInvis +   d - +0 great sword
rCold   . . .      Faith    .   (shield currently unavailable)
rNeg    . . .      Spirit   .   b - +0 animal skin
rPois   .          Reflect  .   (helmet restricted)
rElec   .          Harm     .   (no cloak)
rCorr   .          Rampage  .   (no gloves)
Will    .....                   (no boots)
Stlth   +.........              (no amulet)
HPRegen 0.11/turn               c - ring of see invisible
MPRegen 0.08/turn               (no ring)

@: no status effects
A: horns 2, retaliatory headbutt
a: Renounce Religion, Berserk


You were on level 2 of the Dungeon.
You worshipped Trog.
Trog was aware of your devotion.
You visited 1 branch of the dungeon, and saw 2 of its levels.

You collected 54 gold pieces.

Inventory:

Hand Weapons
 a - a +0 falchion
 d - a +0 great sword (weapon)
Armour
 b - a +0 animal skin (worn)
Jewellery
 c - a ring of see invisible (left hand)
Potions
 e - a potion of lignification {unknown}
 f - a potion of berserk rage {unknown}


   Skills:
 + Level 4.1 Fighting
 + Level 4.2 Long Blades
 + Level 2.6 Armour
 + Level 2.7 Dodging


You had 2 spell levels left.
You didn't know any spells.
Your spell library was empty.

Dungeon Overview and Level Annotations

Branches:
Dungeon (2/15)

Altars:

Annotations:
D:2 Jessica


Innate Abilities, Weirdness & Mutations

You have a pair of horns on your head.
You reflexively headbutt those who attack you in melee.


Message History

Done waiting.
You start waiting.
Done waiting.
You start waiting.
Done waiting.
There is a stone staircase leading up here.
You open the door.
There is an open door here.
There is a stone staircase leading up here.
There is a stone staircase leading up here.
Found 17 sling bullets.
Found a stone staircase leading down.
You see here 17 sling bullets.
There is a stone staircase leading down here.
You open the door.
Found a trident, a scroll labelled RAUJOR XEFE and a whip.
There is an open door here.
Jessica the Apprentice Sorceress comes into view.
She is wielding a +0 spectral club.
Jessica shouts!
You closely miss Jessica. Your headbutt misses Jessica.
Jessica hits you with a +0 spectral club.
Jessica gestures wildly while chanting.
Jessica blinks!
Found 29 stones.
Jessica hits you with a +0 spectral club.
You hit Jessica.
Jessica is moderately wounded.
Jessica mumbles some strange words.
Jessica seems to speed up.
You barely miss Jessica.
Jessica is moderately wounded.
Jessica casts a spell at you. Pain shoots through your body!
Jessica hits you with a +0 spectral club.
You closely miss Jessica. Your headbutt misses Jessica.
Jessica is moderately wounded.
Jessica hits you with a +0 spectral club.
* * * LOW HITPOINT WARNING * * *
Jessica hits you with a +0 spectral club.
You die...

#.# #.......#
#...........#.#
#############'#######
................#
......).........#
....?...........#
....).......#####
(...........#
#......@....#
+......@....#
#...........+
#...........#
#...........#
#...........#
#...........#
#...........#


You could see Jessica (fast).

Vanquished Creatures
  An adder (D:2)
  A dart slug (D:2)
  2 bats (D:1)
  An endoplasm (D:1)
  A giant cockroach (D:1)
  3 goblins (D:1)
  5 hobgoblins
  A frilled lizard (D:1)
  3 rats
18 creatures vanquished.

Vanquished Creatures (others)
  A fungus (D:1)
  4 plants (D:1)
5 creatures vanquished.

Grand Total: 23 creatures vanquished

Notes
Turn   | Place    | Note
-------+----------+-------------------------------------------
     0 | D:1      | GigaChad the Minotaur Berserker began the quest for the
                  | Orb.
     0 | D:1      | Reached XP level 1. HP: 19/19 MP: 0/0
    63 | D:1      | Found a faded altar of an unknown god.
   535 | D:1      | Reached XP level 2. HP: 4/27 MP: 1/1
  1922 | D:2      | Reached XP level 3. HP: 15/33 MP: 2/2
  2586 | D:2      | Noticed Jessica
  2598 | D:2      | Slain by Jessica

Illustrated notes

Levels and vault maps discovered:
D:1:      scummos_arrival_hexagon, layout_basic,
          shapermc_ecumenical_altar_mp_ritualfount
D:2:      layout_basic, basic_altar, grunt_decor_one_mirror, uniq_jessica

Skill      XL: |  1  2 |
---------------+-------+-----
Long Blades    | 4 |  4.2
Fighting       | 4 |  4.1
Armour         | |  2.6
Dodging        | |  2.7

Action                   || total
-------------------------++-------
Melee: Falchion          ||    38
       Headbutt          ||     9
       Great sword       ||    18
  Use: Scroll            ||     3
Armor: Animal skin       ||    15
Dodge: Dodged            ||    46
